 Dungeon Crawl Stone Soup version 0.29-b1-12-g9e2288ab2a (webtiles) character file.

Game seed: 17698609649881208951

102386 Zeldest the Alchemist (level 15, -1/146 HPs)
             Began as a Naga Transmuter on Aug 23, 2022.
             Was the Champion of Cheibriados.
             Slain by a naga warrior
             ... wielding a +0 war axe of freezing
              (11 damage)
             ... on level 2 of the Snake Pit.
             The game lasted 01:06:59 (8259 turns).

Zeldest the Alchemist (Naga Transmuter)             Turns: 8259, Time: 01:06:59

Health: -1/146     AC: 18    Str: 27    XL:     15   Next: 97%
Magic:  8/22       EV: 23    Int: 36    God:    Cheibriados [******]
Gold:   752        SH:  0    Dex: 27    Spells: 11/24 levels left

rFire   + . .      SeeInvis +     - Unarmed
rCold   . . .      Faith    .   (shield currently unavailable)
rNeg    . . .      Spirit   .   (body armour currently unavailable)
rPois   ∞          Reflect  .   (helmet currently unavailable)
rElec   +          Harm     .   (cloak currently unavailable)
rCorr   .          Rampage  .   (gloves currently unavailable)
Will    +....                   (no barding)
Stlth   ++........              K - amulet of regeneration
HPRegen 1.14/turn               d - ring of protection from fire
MPRegen 0.18/turn               f - ring of wizardry

@: about to teleport, storm-form, wereblooded, flying, slowed, very slow
A: cleaving, insubstantial, flying, AC +5, large, see invisible, (deformed
body), (poison resistance), (slowness 2), spit poison 1, (naga tail 2)
}: 1/15 runes: decaying
a: Spit Poison, Blinkbolt, End Transformation, Renounce Religion, Bend Time,
Temporal Distortion, Slouch, Step From Time


You were on level 2 of the Snake Pit.
You worshipped Cheibriados.
Cheibriados was exalted by your worship.
You were a lightning-filled tempest!
You visited 6 branches of the dungeon, and saw 22 of its levels.

You collected 1550 gold pieces.
You spent 798 gold pieces at shops.

Inventory:

Hand Weapons
 L - the +7 hand axe of Dissatisfaction (melded) {flame, rN+ Int+7}
   (You found it on level 3 of the Lair of Beasts)

   It burns those it strikes, dealing additional fire damage.
   Big, fiery blades are also staple armaments of hydra-hunters.
   Int:       It affects your intelligence (+7).
   rN:        It protects you from negative energy.
Armour
 B - a +0 pair of gloves (melded)
 E - a +2 robe of resistance (melded)
 F - a scarf of repulsion (melded)
Jewellery
 a - a ring of flight
 c - a +4 ring of protection
 d - a ring of protection from fire (left fist)
 f - a ring of wizardry (right fist)
 y - a ring of protection from cold
 K - an amulet of regeneration (around neck)
 M - a ring of fire
Wands
 b - a wand of charming (21)
 m - a wand of acid (5)
 n - a wand of flame (2)
 w - a wand of iceblast (10)
 D - a wand of mindburst (14)
Scrolls
 e - 2 scrolls of teleportation
 g - 2 scrolls of blinking
 j - 2 scrolls of enchant armour
 p - 2 scrolls of silence
 q - 3 scrolls of fear
 r - 2 scrolls of vulnerability
 t - a scroll of acquirement
 A - 3 scrolls of fog
 C - a scroll of amnesia
 I - 2 scrolls of noise
 J - 2 scrolls of poison {unknown}
Potions
 i - 3 potions of curing
 k - a potion of ambrosia
 o - a potion of mutation
 s - 3 potions of attraction
 u - 3 potions of might
 v - a potion of berserk rage
 x - 3 potions of brilliance
 z - 2 potions of flight
 G - a potion of experience {unknown}
Miscellaneous
 l - a lightning rod (4/4)
 H - a phantom mirror


   Skills:
 + Level 12.3 Fighting
 + Level 6.0 Dodging
 + Level 12.7 Unarmed Combat
 - Level 5.0 Spellcasting
 - Level 15.7 Transmutations
 - Level 4.0 Ice Magic
 - Level 10.5 Air Magic
 + Level 9.0 Invocations


You had 11 spell levels left.
You knew the following spells:

 Your Spells              Type           Power      Damage    Failure   Level
a - Storm Form            Tmut/Air       40%        N/A       6%          7
b - Wereblood             Tmut           89%        N/A       0%          2
c - Ice Form              Ice/Tmut       68%        N/A       1%          4

Your spell library contained the following spells:

 Spells                   Type           Power      Damage    Failure   Level
 Beastly Appendage        Tmut           100%       N/A       0%          1
 Apportation              Tloc           18%        N/A       1%          1
 Ensorcelled Hibernation  Hex/Ice        46%        N/A       1%          2
 Ignite Poison            Fire/Tmut/Pois 46%        N/A       1%          3
 Mephitic Cloud           Conj/Pois/Air  34%        N/A       1%          3
 Spider Form              Tmut/Pois      60%        N/A       1%          3
 Alistair's Intoxication  Tmut/Pois      40%        N/A       1%          5
 Blink                    Tloc           18%        N/A       2%          2
 Scorch                   Fire           18%        2d5       2%          2
 Anguish                  Hex/Necr       4%         N/A       16%         4
 Flame Wave               Conj/Fire      9%         2d6       16%         4
 Manifold Assault         Tloc           9%         N/A       38%         5


Dungeon Overview and Level Annotations

Branches:
Dungeon (10/15)            Temple (1/1) D:4            Lair (3/5) D:8
  Swamp (4/4) Lair:3        Snake (2/4) Lair:2          Orc (2/2) D:9
    Elf: Orc:2

Altars:
Ashenzari
Cheibriados
Elyvilon
Gozag
Hepliaklqana
Kikubaaqudgha
Nemelex Xobeh
Okawaru
Ru
Vehumet
Xom
Yredelemnul
Zin

Shops:
D:7 =   D:9 ([   Orc:2 !(:=

Annotations:
Lair:1 1 runed translucent door, hawkwood's ghost, journeyman MiAr
Snake:2 Saint Roka
Orc:2 exclusion: door


Innate Abilities, Weirdness & Mutations

You are a lightning-filled tempest!
Your electrical attacks strike out in all directions at once.
You are incredibly evasive.
Your insubstantial body is immune to petrification, constriction, and being set on fire You are flying.
Your armour is entirely melded.
You are incapable of wielding weapons or throwing items.
((Your serpentine skin is tough. (AC +5)))
You have supernaturally acute eyesight. (SInv)
((Armour fits poorly on your strangely shaped body.))
((Your system is resistant to poisons. (rPois)))
((You cover ground very slowly.))
You can spit poison.
((You can use your snake-like lower body to constrict enemies.))


Message History

You kill the naga!
Cheibriados thoroughly appreciates the change of pace.
You kill the naga!
Cheibriados appreciates the change of pace.
You kill the orc priest!
Cheibriados thoroughly appreciates the change of pace.
You bellow as the wereblood boils in your veins!
The naga warrior hits you but does no damage.
An orc warrior comes into view. It is wielding a +0 scimitar.
The naga warrior hits you with a +0 war axe of freezing!!
The naga warrior freezes you.
Your Dodging skill increases to level 6!
Your Invocations skill increases to level 9!
As you read the scroll of teleportation, it crumbles to dust.
You feel strangely unstable.
You hear a shout!
Saint Roka mumbles some strange prayers to Beogh against you.
Beogh smites you!
An orc warrior comes into view. It is wielding a +1 vorpal hand axe.
The naga warrior hits you with a +0 war axe of freezing!
* * * LOW HITPOINT WARNING * * *
The naga warrior freezes you!
* * * LOW HITPOINT WARNING * * *
You feel much better.
You bellow as the wereblood boils in your veins!
A naga comes into view. It is wielding a +0 battleaxe.
Saint Roka calls down the wrath of Beogh upon you.
Beogh smites you! The naga warrior spits poison at you.
The splash of poison hits you but does no damage.
You resist.
The naga warrior hits you with a +0 war axe of freezing.
* * * LOW HITPOINT WARNING * * *
The naga warrior freezes you.
* * * LOW HITPOINT WARNING * * *
The naga warrior attacks as you move away!
The naga warrior hits you with a +0 war axe of freezing!!
* * * LOW HITPOINT WARNING * * *
The naga warrior freezes you!
You die...

#..##....#. .......
##..#....... .N>)..>
#........... .......
#....##..... .......
#.<..#...... .......
#..#......... .......
#.##........#
.......###......)....##
#......v##†...#.....##
#..###.NN)#....N.S>##
##))o##....#..#
##..)#.##.#... ##)oo.
....... #)..)o.......o
##.)..). #...). .....


You could see Saint Roka, 2 naga warriors, 3 orc warriors and a naga.

Vanquished Creatures
  the Lernaean hydra (Swamp:4)
  Nikola (Swamp:2)
  Frances (Swamp:2)
  An orc warlord (Orc:2)
  The ghost of Valamore the Nimble, a journeyman GnWn of Okawaru (Lair:3)
  5 eleionomae
  2 bunyips
  An ettin (Orc:2)
  The ghost of Zapai the Nimble, a journeyman DgAr (Lair:2)
  15 hydras
  2 two-headed ogres
  3 alligators
  A centaur warrior (D:8)
  2 death yaks
  4 orc high priests (Orc:2)
  A naga sharpshooter (Snake:2)
  A shock serpent (Snake:1)
  A goliath frog (Swamp:4)
  3 spriggan druids
  15 swamp dragons
  10 bog bodies
  A naga ritualist (Snake:2)
  Pikel (D:8)
  2 orc knights (Orc:2)
  A mana viper (Snake:2)
  A deep elf pyromancer (D:8)
  A cyclops (Orc:2)
  4 orc sorcerers
  A will-o-the-wisp (Swamp:4)
  A guardian serpent (Snake:2)
  Joseph (D:8)
  2 salamanders (Snake:2)
  12 black mambas
  4 naga magi
  8 cane toads
  Psyche (D:9)
  An unseen horror (D:10)
  7 rime drakes
  12 komodo dragons
  2 trolls (Orc:2)
  A meliai (D:8)
  5 tyrant leeches
  7 hornets
  A slime creature (D:8)
  2 dream sheep (Lair:3)
  A shadow (D:8)
  7 spriggans
  A wyvern (Lair:3)
  23 yaks
  A wraith (D:8)
  2 basilisks
  4 vampire mosquitoes
  2 steam dragons
  4 wargs
  An acid dragon (D:8)
  15 nagas
  15 water moccasins
  8 swamp worms
  35 orc warriors
  A sky beast (D:8)
  9 swamp drakes
  An ice beast (D:8)
  6 black bears
  13 ogres
  10 wolves (Lair:3)
  A centaur (D:10)
  A lemure (D:8)
  A phantom (D:5)
  A kobold brigand (D:9)
  2 scorpions
  4 necrophages
  13 bullfrogs
  A gnoll sergeant (D:8)
  A water moccasin zombie (D:7)
  2 wyvern zombies (D:7)
  A wight (D:8)
  2 electric eels
  3 howler monkeys (D:7)
  A bullfrog zombie (D:7)
  2 centaur zombies (D:7)
  3 jellies
  27 orc priests
  2 hounds (D:6)
  3 iguanas
  25 orc wizards
  2 howler monkey zombies (D:7)
  9 gnolls
  6 adders
  3 shadow imps
  A white imp (D:8)
  An ufetubus (D:5)
  A worm (D:4)
  3 dart slugs
  106 orcs
  6 ball pythons
  2 bats
  5 endoplasms
  A giant cockroach (D:1)
  5 goblins
  2 hobgoblins
  4 quokkas
  5 kobolds
  A rat (D:1)
  A spectral kobold (D:1)
570 creatures vanquished.

Vanquished Creatures (others)
  A bog body (Swamp:4)
  6 foxfires
  40 fungi
  43 plants
90 creatures vanquished.

Grand Total: 660 creatures vanquished

Notes
Turn   | Place    | Note
-------+----------+-------------------------------------------
     0 | D:1      | Zeldest the Naga Transmuter began the quest for the Orb.
     0 | D:1      | Reached XP level 1. HP: 18/18 MP: 3/3
    32 | D:1      | Found a faded altar of an unknown god.
   129 | D:1      | Reached XP level 2. HP: 25/25 MP: 5/5
   132 | D:1      | Learned a level 2 spell: Wereblood
   480 | D:2      | Reached XP level 3. HP: 32/32 MP: 4/6
   558 | D:2      | Found a broken altar of Ashenzari.
   619 | D:2      | Got Sif Muna's Reference Book on the Filthy Blaze
  1026 | D:3      | Reached skill level 1 in Ice Magic
  1026 | D:3      | Reached XP level 4. HP: 27/39 MP: 3/7
  1039 | D:3      | Reached skill level 3 in Transmutations
  1039 | D:3      | Reached XP level 5. HP: 46/46 MP: 5/8
  1374 | D:4      | Found a staircase to the Ecumenical Temple.
  1380 | D:4      | Noticed a black bear
  1383 | Temple   | Entered the Ecumenical Temple
  1402 | Temple   | Became a worshipper of Cheibriados the Contemplative
  1425 | Temple   | Learned a level 4 spell: Ice Form
  1452 | D:4      | Killed a black bear
  1453 | D:4      | Reached XP level 6. HP: 48/56 MP: 2/9
  1536 | D:4      | Found an iron altar of Okawaru.
  1781 | D:5      | Entered Level 5 of the Dungeon
  1822 | D:5      | Reached skill level 4 in Transmutations
  1822 | D:5      | Reached XP level 7. HP: 37/62 MP: 1/10
  1905 | D:5      | Reached * piety under Cheibriados
  1932 | D:5      | Reached skill level 5 in Unarmed Combat
  2098 | D:5      | Reached XP level 8. HP: 73/73 MP: 9/11
  2113 | D:6      | Reached skill level 5 in Transmutations
  2202 | D:6      | Reached skill level 5 in Fighting
  2320 | D:7      | Found a basalt altar of Yredelemnul.
  2352 | D:7      | Reached skill level 6 in Transmutations
  2357 | D:7      | Reached ** piety under Cheibriados
  2404 | D:7      | Reached XP level 9. HP: 80/82 MP: 7/12
  2693 | D:7      | Found Ruzepyse's Jewellery Emporium.
  2739 | D:8      | Noticed Joseph
  2748 | D:8      | Reached skill level 7 in Transmutations
  2754 | D:8      | Killed Joseph
  2776 | D:8      | Reached XP level 10. HP: 74/96 MP: 13/13
  2786 | D:8      | Reached skill level 8 in Transmutations
  2790 | D:8      | Found a staircase to the Lair.
  2825 | D:8      | Reached *** piety under Cheibriados
  2828 | D:8      | Reached skill level 1 in Invocations
  2949 | D:8      | Noticed a deep elf pyromancer
  2963 | D:8      | Killed a deep elf pyromancer
  3034 | D:8      | Noticed Pikel
  3045 | D:8      | Killed Pikel
  3190 | D:8      | Noticed a centaur warrior
  3198 | D:8      | Killed a centaur warrior
  3213 | D:8      | Reached skill level 9 in Transmutations
  3395 | D:9      | Reached XP level 11. HP: 104/104 MP: 11/14
  3487 | D:9      | Reached **** piety under Cheibriados
  3554 | D:9      | Found Leimaneo's Weapon Shop.
  3559 | D:9      | Found a staircase to the Orcish Mines.
  3561 | D:9      | Found Mulezire's Armour Shop.
  3573 | D:9      | Noticed Psyche
  3581 | D:9      | Killed Psyche
  3639 | D:9      | Found a broken altar of Ashenzari.
  3756 | Orc:1    | Entered Level 1 of the Orcish Mines
  3764 | Orc:1    | Reached skill level 5 in Invocations
  3807 | Orc:2    | Entered Level 2 of the Orcish Mines
  3825 | Orc:2    | Identified a scroll of acquirement
  3828 | Orc:2    | Noticed an orc warlord
  3831 | Orc:2    | Reached ***** piety under Cheibriados
  3835 | Orc:2    | Noticed an orc sorcerer
  3835 | Orc:2    | Noticed an orc knight
  3840 | Orc:2    | Killed an orc knight
  3842 | Orc:2    | Killed an orc sorcerer
  3971 | Orc:2    | Reached skill level 10 in Unarmed Combat
  3978 | Orc:2    | Noticed an orc sorcerer
  3984 | Orc:2    | Killed an orc sorcerer
  4071 | Orc:2    | Found Wiucelux's Distillery.
  4071 | Orc:2    | Noticed an orc knight
  4076 | Orc:2    | Found Pyodd's Weapon Shoppe.
  4076 | Orc:2    | Noticed an orc knight
  4084 | Orc:2    | Killed an orc knight
  4297 | Orc:2    | Noticed a two-headed ogre
  4309 | Orc:2    | Killed a two-headed ogre
  4310 | Orc:2    | Reached skill level 10 in Transmutations
  4377 | Orc:1    | Noticed an orc sorcerer
  4380 | Orc:1    | Killed an orc sorcerer
  4381 | Orc:1    | Reached skill level 10 in Fighting
  4532 | Orc:2    | Noticed an ettin
  4540 | Orc:2    | Killed an ettin
  4541 | Orc:2    | Reached XP level 12. HP: 73/116 MP: 10/17
  4587 | Orc:2    | Reached ****** piety under Cheibriados
  4968 | Orc:2    | Killed an orc warlord
  4992 | Orc:2    | Noticed an orc high priest
  4996 | Orc:2    | Found Detzuh's Jewellery Boutique.
  5000 | Orc:2    | Killed an orc high priest
  5059 | Orc:2    | Noticed an orc high priest
  5067 | Orc:2    | Killed an orc high priest
  5087 | Orc:2    | Reached skill level 11 in Transmutations
  5104 | Orc:2    | Noticed an orc high priest
  5120 | Orc:2    | Killed an orc high priest
  5168 | Orc:2    | Noticed an orc high priest
  5170 | Orc:2    | Found Ahudino's Book Shoppe.
  5174 | Orc:2    | Killed an orc high priest
  5183 | Orc:2    | Bought an Inescapable Atlas for 408 gold pieces
  5487 | D:10     | Entered Level 10 of the Dungeon
  5563 | D:10     | Reached skill level 1 in Air Magic
  5679 | D:9      | Found a sacrificial altar of Ru.
  5748 | D:9      | Noticed a two-headed ogre
  5753 | D:9      | Killed a two-headed ogre
  5832 | Lair:1   | Entered Level 1 of the Lair of Beasts
  5930 | Lair:1   | Found a runed translucent door.
  5930 | Lair:1   | Noticed hawkwood's ghost (journeyman MiAr)
  5952 | Lair:1   | Learned a level 7 spell: Storm Form
  6018 | Lair:1   | Gained mutation: You can use your snake-like lower body to
                  | constrict enemies. [Naga growth]
  6018 | Lair:1   | Reached XP level 13. HP: 127/127 MP: 13/19
  6096 | Lair:1   | Reached skill level 12 in Transmutations
  6196 | Lair:2   | Reached skill level 5 in Air Magic
  6201 | Lair:2   | Noticed Zapai's ghost (journeyman DgAr)
  6202 | Lair:2   | Found a runed translucent gate.
  6203 | Lair:2   | Found a runed translucent gate.
  6204 | Lair:2   | Found a runed translucent gate.
  6261 | Lair:2   | Found a staircase to the Snake Pit.
  6603 | Lair:2   | Reached skill level 13 in Transmutations
  6604 | Lair:2   | Killed Zapai's ghost
  6991 | Orc:2    | Bought an amulet of regeneration for 390 gold pieces
  7131 | Lair:3   | Identified the +7 hand axe of Dissatisfaction {flame, rN+
                  | Int+7}
  7196 | Lair:3   | Found a transporter.
  7196 | Lair:3   | Noticed Valamore's ghost (journeyman GnWn)
  7223 | Lair:3   | Killed Valamore's ghost
  7228 | Lair:3   | Reached XP level 14. HP: 92/135 MP: 14/20
  7243 | Lair:3   | Found a transporter.
  7340 | Lair:3   | Reached skill level 14 in Transmutations
  7343 | Lair:3   | Found a staircase to the Swamp.
  7352 | Swamp:1  | Entered Level 1 of the Swamp
  7440 | Swamp:2  | Noticed an eleionoma
  7442 | Swamp:2  | Noticed Frances
  7449 | Swamp:2  | Killed Frances
  7453 | Swamp:2  | Killed an eleionoma
  7473 | Swamp:2  | Noticed an eleionoma
  7477 | Swamp:2  | Killed an eleionoma
  7494 | Swamp:2  | Noticed Nikola
  7503 | Swamp:2  | Killed Nikola
  7618 | Swamp:3  | Noticed an eleionoma
  7625 | Swamp:3  | Killed an eleionoma
  7626 | Swamp:3  | Reached skill level 10 in Air Magic
  7628 | Swamp:4  | Entered Level 4 of the Swamp
  7635 | Swamp:4  | Noticed an eleionoma
  7638 | Swamp:4  | Reached skill level 5 in Spellcasting
  7643 | Swamp:3  | Reached skill level 15 in Transmutations
  7809 | Swamp:4  | Reached XP level 15. HP: 141/141 MP: 14/22
  7814 | Swamp:4  | Noticed the 27-headed Lernaean hydra
  7819 | Swamp:4  | Killed the 27-headed Lernaean hydra
  7857 | Swamp:4  | Noticed a ghoul
  7857 | Swamp:4  | Noticed a ghoul
  7857 | Swamp:4  | Noticed a ghoul
  7896 | Swamp:4  | Reached skill level 5 in Dodging
  7930 | Swamp:4  | Got a decaying rune of Zot
  8065 | Swamp:1  | Identified the +1 leather armour of Resourcefulness {rC+
                  | Will+ SInv}
  8171 | Snake:1  | Entered Level 1 of the Snake Pit
  8253 | Snake:2  | Noticed Saint Roka
  8259 | Snake:2  | Slain by a naga warrior

Illustrated notes

Levels and vault maps discovered:
D:1:      eino_arrival_tree_alley, layout_loops_ring,
          dreamdust_ecumenical_altar_drowned_temple
D:2:      layout_rooms, basic_altar, moated_statue
D:3:      layout_basic
D:4:      layout_rooms, overflow_temple_1_default, minmay_temple_entry_slanted
D:5:      layout_gridville
D:6:      layout_loops_ring
D:7:      layout_cave_pods, nicolae_yredelemnul_corpse_copse, serial_shops,
          nicolae_shop_temple_entry_statues_fountains
D:8:      cheibrodos_elevator_heist, layout_cave_pools,
          due_lair_maze_entry_diamond, palyth_stone_intersect,
          minmay_shattered_shrine, uniq_joseph, uniq_pikel
D:9:      minmay_evil_eye, layout_basic, lemuel_round_altar, kennysheep_mini,
          orc_david_3, uniq_psyche
D:10:     layout_basic, kennysheep_little_box, mainiacjoe_overflow_boulevard,
          serial_shops, nicolae_shop_bloodbath_and_beyond
Temple:   nicolae_temple_superstar
Lair:1:   layout_hall_layers, hellmonk_ghost_happy_afterlife,
          serial_bayou_shore_a
Lair:2:   layout_misc_corridors, minmay_snake_entry_guardpost_small,
          gammafunk_ghost_split
Lair:3:   layout_roguey, nicolae_swamp_entry_splash_gauntlet, nzn_ghost_randoct
Swamp:1:  layout_falls_marsh, evilmike_swamp_ruin_house_1
Swamp:2:  layout_basic_swamp, evilmike_swamp_ruin_house_3, uniq_nikola,
          uniq_frances
Swamp:3:  layout_basic_swamp, nicolae_swamp_tree_designs, hangedman_swamp_dais
Swamp:4:  grunt_swamp_rune_castle, layout_basic_swamp, swamp_pool1
Snake:1:  layout_layer_cave, grunt_megastairs_1, serial_bayou_shore_b,
          minmay_shop_star
Snake:2:  layout_onion, nicolae_shop_overcharged_wands, uniq_saint_roka,
          uniq_louise
Orc:1:    layout_diamond_mine, mines2_david
Orc:2:    pubby_orc_utopia

Skill      XL: |  1  2  3  4  5  6  7  8  9 10 11 12 13 14 15 |
---------------+----------------------------------------------+-----
Fighting       | 2 3 4 6 7 8 10 11 12 | 12.3
Ice Magic      | 1 2 3 4 |  4.0
Transmutations | 3 4 6 7 9 10 11 13 15 | 15.7
Unarmed Combat | 4 5 6 8 9 10 11 12 | 12.7
Invocations    | 4 6 8 9 |  9.0
Air Magic      | 3 8 10 | 10.5
Spellcasting   | 3 5 |  5.0
Dodging        | 3 6 |  6.0

Action                   |  1- 3 |  4- 6 |  7- 9 | 10-12 | 13-15 || total
-------------------------+-------+-------+-------+-------+-------++-------
Melee: Unarmed           |    75 |    97 |   191 |   471 |   361 ||  1195
       Headbutt          |     7 |     1 |       |       |       ||     8
       Punch             |     1 |     3 |     2 |     3 |    21 ||    30
       Constrict         |       |       |       |       |     8 ||     8
       Hand axe          |       |       |       |       |     3 ||     3
 Cast: Beastly Appendage |    17 |     1 |       |     1 |       ||    19
       Wereblood         |     3 |     3 |     6 |    37 |    24 ||    73
       Ice Form          |       |     2 |    13 |    37 |    10 ||    62
       Storm Form        |       |       |       |       |    15 ||    15
Invok: Temporal Distorti |       |       |       |     1 |       ||     1
       Step From Time    |       |       |       |       |     1 ||     1
       Slouch            |       |       |       |       |     5 ||     5
 Abil: Spit Poison       |    20 |     1 |     2 |     2 |       ||    25
       End Transformatio |       |       |       |     3 |     4 ||     7
       Blinkbolt         |       |       |       |       |     5 ||     5
Evoke: Wand              |       |       |       |    10 |       ||    10
  Use: Potion            |       |     1 |       |     4 |     6 ||    11
       Scroll            |       |       |       |    20 |     7 ||    27
 Stab: Sleeping          |       |       |     1 |     4 |     2 ||     7
       Invisible         |       |       |       |       |     4 ||     4
       Confused          |       |       |       |       |     2 ||     2
Armor: Robe              |    24 |    19 |    15 |     6 |     6 ||    70
       Skin              |       |    25 |    87 |   242 |   202 ||   556
       Acid dragon scale |       |       |       |    18 |    12 ||    30
Dodge: Dodged            |    36 |    32 |   136 |   253 |   335 ||   792
       Repelled          |       |       |       |       |     1 ||     1
